 Dungeon Crawl Stone Soup version 0.20.2-3-g29329e0561 (webtiles) character file.

77 Alfie the Skirmisher (level 4, -1/40 HPs)
             Began as a Hill Orc Fighter on Mar 26, 2024.
             Slain by a gnoll
             ... wielding a +0 halberd
              (13 damage)
             ... on level 2 of the Dungeon.
             The game lasted 00:02:14 (1569 turns).

Alfie the Skirmisher (Hill Orc Fighter)             Turns: 1569, Time: 00:02:15

Health: -1/40      AC:  6    Str: 19    XL:     4   Next: 33%
Magic:  4/4        EV:  7    Int:  8    God:
Gold:   86         SH:  9    Dex: 10    Spells: 3/3 levels left

rFire    . . .     SeeInvis .   a - +0 rapier
rCold    . . .     Gourm    .   c - +0 shield
rNeg     . . .     Faith    .   b - +0 scale mail
rPois    .         Spirit   .   (no helmet)
rElec    .         Reflect  .   (no cloak)
rCorr    .         Harm     .   (no gloves)
MR       .....                  (no boots)
Stlth    ..........             (no amulet)
Regen    0.2/turn               (no ring)
MPRegen  0.1/turn               (no ring)

@: no status effects
A: no striking features
a: no special abilities


You were on level 2 of the Dungeon.
You were hungry.

You visited 1 branch of the dungeon, and saw 2 of its levels.

You collected 86 gold pieces.

Inventory:

Hand Weapons
 a - a +0 rapier (weapon)
Armour
 b - a +0 scale mail (worn)
 c - a +0 shield (worn)
Scrolls
 h - a scroll of fog {unknown}
 k - 3 scrolls of teleportation {unknown}
 m - a scroll of identify
Potions
 d - a potion of might
 e - a potion of lignification {unknown}
 g - 2 potions of degeneration {unknown}
 j - a potion of mutation {unknown}
 n - a potion of agility {unknown}
 o - a potion of heal wounds {unknown}
Comestibles
 f - a bread ration
 i - a royal jelly
 l - 2 fruits


   Skills:
 + Level 4.1 Fighting
 + Level 3.1 Short Blades
 + Level 3.6 Armour
 + Level 0.4 Dodging
 + Level 4.0 Shields


You had 3 spell levels left.
You didn't know any spells.

Dungeon Overview and Level Annotations

Branches:
Dungeon (2/15)

Altars:


Message History

The gnoll is heavily wounded.
The gnoll hits you with a club. You block the gnoll's attack.
Your shield and scale mail prevent you from hitting the gnoll.
The gnoll is heavily wounded.
You block the gnoll's attack.
The gnoll hits you from afar with a spear.
You hit the gnoll but do no damage.
The gnoll is heavily wounded.
The gnoll hits you but does no damage. You block the gnoll's attack.
You hit the gnoll but do no damage.
The gnoll is heavily wounded.
The gnoll hits you with a club. You block the gnoll's attack.
The gnoll hits you from afar with a spear.
* * * LOW HITPOINT WARNING * * *
You puncture the gnoll!
You kill the gnoll!
You block the gnoll's attack. You block the gnoll's attack.
The gnoll hits you from afar with a halberd!
You die...

..[...........#...........#
#.###########.#....########
#.# #.#....#
#.###########.#....####
...............>......#
#.#####'#####.#######.# #.#
#...#....# #.# #.#
#...#....#######.###### #.#
#...#....gg@..........# #.#
#...###..######.......# #.#
##.## #..# #.......#
#.#####.####..# #.......#
#..........#..# #.......#
#######.##.#gg# #.......#
.#.......#.#..# #########
<#.......#.#..#
..^......#.#...


You could see 2 gnolls.

Vanquished Creatures
  Jessica (D:2)
  A gnoll (D:2)
  An adder (D:2)
  An ooze (D:1)
  A dart slug (D:1)
  A bat (D:1)
  A giant cockroach (D:2)
  3 goblins
  3 hobgoblins (D:1)
  3 jackals (D:1)
  3 kobolds
  A quokka (D:2)
  A frilled lizard (D:2)
  4 rats
25 creatures vanquished.

Notes
Turn   | Place    | Note
-------+----------+-------------------------------------------
     0 | D:1      | Alfie the Hill Orc Fighter began the quest for the Orb.
     0 | D:1      | Reached XP level 1. HP: 19/19 MP: 1/1
   338 | D:1      | Reached XP level 2. HP: 19/27 MP: 2/2
   838 | D:1      | Reached XP level 3. HP: 33/33 MP: 3/3
  1386 | D:2      | Noticed Jessica
  1417 | D:2      | Killed Jessica
  1417 | D:2      | Reached XP level 4. HP: 13/40 MP: 4/4
  1569 | D:2      | Slain by a gnoll

Skill      XL: |  1  2  3 |
---------------+----------+-----
Fighting       | 4 |  4.1
Short Blades   | 3 |  3.1
Shields        | 4 |  4.0
Armour         | |  3.6
Dodging        | |  0.4

Action                   |  1- 3 |  4- 6 || total
-------------------------+-------+-------++-------
Melee: Rapier            |   111 |    16 ||   127
  Use: Scroll            |     1 |       ||     1
  Eat: Fruit             |     2 |       ||     2
Armor: Scale mail        |    40 |     2 ||    42
Dodge: Dodged            |    40 |     6 ||    46
Block: Shield            |    50 |    12 ||    62
